 Dungeon Crawl Stone Soup version 0.19.3-1-g3169bf9 (webtiles) character file.

562 dngmouse the Twirler (level 7, 0/55 HPs)
             Began as a Formicid Abyssal Knight on Jan 26, 2017.
             Was a Priest of Lugonu.
             Slain by Grinder (6 damage)
             ... on level 5 of the Dungeon.
             The game lasted 00:10:52 (3816 turns).

dngmouse the Twirler (Formicid Abyssal Knight)      Turns: 3816, Time: 00:10:52

Health: 0/55       AC: 15    Str: 22    XL:     7   Next: 57%
Magic:  8/8        EV: 11    Int: 11    God:    Lugonu [***...]
Gold:   271        SH:  0    Dex: 12    Spells: 0 memorised, 6 levels left

rFire  + . .     SeeInvis +     b - +1 quarterstaff (protect)
rCold  + . .     Gourm    .     r - +2 ring mail {MR+}
rNeg   . . .     Faith    .     (no shield)
rPois  +         Spirit   .     (helmet unavailable)
rElec  +         Reflect  .     (no cloak)
rCorr  +         Harm     .     v - +0 pair of gloves
MR     +++..                    (no boots)
Stlth  +.........               (no amulet)
                                (no ring)
                                g - ring of wizardry

@: mighty, resistant, protection aura, flying, very slightly contaminated,
invisible
A: permanent stasis, dig shafts and tunnels, four strong arms, antennae 3,
deterioration 1, magic resistance 2, sense surroundings 1
a: Dig, Shaft Self, Depart the Abyss, Bend Space, Banish, Renounce Religion


You were on level 5 of the Dungeon.
You worshipped Lugonu.
Lugonu was most pleased with you.
You were hungry.

You visited 1 branch of the dungeon, and saw 6 of its levels.
You visited the Abyss 1 time.

You collected 271 gold pieces.

Inventory:

Hand Weapons
 b - a +1 quarterstaff of protection (weapon)
Armour
 m - +0 ice dragon scales
 r - a +2 ring mail of magic resistance (worn)
 v - a +0 pair of gloves (worn)
Jewellery
 g - a ring of wizardry (left hand)
Scrolls
 e - 7 scrolls of identify
 h - 3 scrolls of enchant weapon {unknown}
 j - a scroll of noise {unknown}
 k - a scroll of remove curse {unknown}
 l - a scroll of recharging {unknown}
 o - 2 scrolls of fear {unknown}
 q - a scroll of immolation {unknown}
 s - a scroll of enchant armour {unknown}
Potions
 f - 2 potions of degeneration
Comestibles
 a - 2 chunks of flesh
 c - 3 bread rations
 d - 6 meat rations
 n - 6 fruits


   Skills:
 - Level 4.3 Fighting
   Level 3.5(5.3) Maces & Flails
 * Level 6.3(6.7) Staves
 - Level 2.1 Armour
 - Level 0.8 Dodging
 - Level 2.1 Invocations


You had 6 spell levels left.
You didn't know any spells.

Dungeon Overview and Level Annotations

Branches:
Dungeon (6/15)
 Temple: D:4-7

Altars:
Fedhas
Gozag
Hepliaklqana
Kikubaaqudgha
Okawaru
Ru
Trog
Yredelemnul

Annotations:
D:5 Grinder


Innate Abilities, Weirdness & Mutations

You are under a permanent stasis effect.
You can dig through walls and to a lower floor.
Your four strong arms can wield two-handed weapons with a shield.
You have a pair of large antennae on your head. (SInv)
Your body sometimes deteriorates upon taking damage.
You are highly resistant to hostile enchantments. (MR++)
You passively map a small area around you.


Message History

Grinder barely misses you. x2
You are too injured to fight recklessly!
You closely miss Grinder. Grinder completely misses you.
You feel very mighty all of a sudden.
Grinder blinks!
A bullfrog zombie comes into view.
Grinder blinks!
You see here a potion of curing.
Grinder barely misses you. x2
You barely miss Grinder. Grinder misses you.
You thump Grinder!
Your weapon exudes an aura of protection.
Grinder is moderately wounded.
Grinder barely misses you.
You closely miss Grinder.
Grinder is moderately wounded.
Grinder hits you but does no damage. Grinder hits you.
* * * LOW HITPOINT WARNING * * *
You writhe in agony.
You die...

#### * *## **#....*
####...### *
.....####........ , , *
#.......# ...# *
#....!..##...###.. ,
#.....Z.@5....##.#
#.......#.#.#.##.# #
#.............*#.#.# ,
#.......#.#.####.#%# ,
#.........#.# #....#
#.......###.###..########
#......>.................
,
....######...###..########
,.... #.### #..#


You could see Grinder and a bullfrog zombie (wandering).

Vanquished Creatures
  The ghost of Alarkh the Chopper, an amateur DsMo (D:4)
  A slave (D:6)
  A hound (D:4)
  An orc priest (D:2)
  4 orc wizards
  4 worker ants
  6 adders
  An ooze (D:1)
  An adder skeleton (D:4)
  5 dart slugs
  2 worms
  2 leopard geckos
  8 orcs
  A ball python (D:2)
  5 bats
  5 giant cockroaches
  A goblin (D:1)
  5 hobgoblins
  8 jackals
  11 kobolds
  3 quokkas
  4 frilled lizards
  A giant cockroach zombie (D:5)
  A jackal skeleton (D:4)
  6 rats
  A spectral orc (D:5)
89 creatures vanquished.

Notes
Turn   | Place    | Note
-------+----------+-------------------------------------------
     0 | Abyss:1  | dngmouse the Formicid Abyssal Knight began the quest for the Orb.
     0 | Abyss:1  | Reached XP level 1. HP: 18/18 MP: 2/2
    61 | Abyss:1  | Noticed a fire bat
    62 | Abyss:1  | Noticed a small abomination
    64 | D:1      | Escaped the Abyss
   289 | D:1      | Reached XP level 2. HP: 18/24 MP: 3/3
   589 | D:1      | Reached XP level 3. HP: 29/29 MP: 4/4
  1135 | D:1      | Reached * piety under Lugonu
  1439 | D:2      | Reached skill level 1 in Staves
  1439 | D:2      | Reached XP level 4. HP: 35/35 MP: 5/5
  1837 | D:2      | Reached skill level 2 in Staves
  1837 | D:2      | Reached XP level 5. HP: 31/42 MP: 6/6
  2177 | D:3      | Found a bloodstained altar of Trog.
  2255 | D:3      | Reached skill level 3 in Staves
  2257 | D:3      | Reached ** piety under Lugonu
  2339 | D:3      | Found an opulent altar of Gozag.
  2552 | D:4      | Reached XP level 6. HP: 49/49 MP: 7/7
  2567 | D:4      | Reached skill level 4 in Staves
  2594 | D:4      | Noticed Alarkh's ghost (amateur DsMo)
  2616 | D:4      | Gained mutation: You are resistant to hostile enchantments. (MR+) [potion of beneficial mutation]
  2631 | D:4      | Killed Alarkh's ghost
  2631 | D:4      | Reached skill level 5 in Staves
  2631 | D:4      | Reached XP level 7. HP: 41/55 MP: 8/8
  2902 | D:4      | Found a sacrificial altar of Ru.
  2905 | D:4      | Found an opulent altar of Gozag.
  2908 | D:4      | Found a hazy altar of Hepliaklqana.
  3019 | D:4      | Found an ancient bone altar of Kikubaaqudgha.
  3272 | D:5      | Entered Level 5 of the Dungeon
  3368 | D:5      | Found a blossoming altar of Fedhas.
  3368 | D:5      | Found an iron altar of Okawaru.
  3471 | D:5      | You fall through a shaft!
  3478 | D:6      | Reached skill level 6 in Staves
  3491 | D:6      | Reached *** piety under Lugonu
  3607 | D:5      | Found a basalt altar of Yredelemnul.
  3791 | D:5      | Noticed Grinder
  3806 | D:5      | Gained mutation: You passively map a small area around you. [potion of mutation]
  3806 | D:5      | Gained mutation: Your body sometimes deteriorates upon taking damage. [potion of mutation]
  3806 | D:5      | Gained mutation: You are highly resistant to hostile enchantments. (MR++) [potion of mutation]
  3816 | D:5      | Slain by Grinder

Skill      XL: |  1  2  3  4  5  6  7 |
---------------+----------------------+-----
Maces & Flails | 3 |  3.5
Staves         | 1 2 3 5 6 |  6.3
Fighting       | 4 |  4.3
Armour         | |  2.1
Dodging        | |  0.8
Invocations    | |  2.1

Action                   |  1- 3 |  4- 6 |  7- 9 || total
-------------------------+-------+-------+-------++-------
Melee: Mace              |    53 |       |       ||    53
       Quarterstaff      |    10 |   138 |   100 ||   248
Invok: Depart the Abyss  |     1 |       |       ||     1
  Use: Scroll            |       |     2 |       ||     2
       Potion            |       |     6 |     6 ||    12
  Eat: Chunk             |     1 |     4 |     4 ||     9
Armor: Leather armour    |    13 |       |       ||    13
       Ice dragon scales |     5 |    21 |       ||    26
       Ring mail         |       |    64 |    42 ||   106
Dodge: Dodged            |    35 |    83 |    60 ||   178
